Map: Lerilak Crest

Players

QueenMortis - Winner!

  • Race: Zerg Zerg
  • League: Master

Afelay

  • Race: Protoss Protoss
  • League: Master

VOD

Have the link to the VOD?

Description

Time

  • Played on: Feb. 20, 2016, 3:52 p.m.
  • Length: 5:15
Show
View Real Time Build Order
Export as new Build Order

QueenMortis Zerg - Winner!

Build Orders: Pool First 

Get SALT Encoding   

  12  0:01  Drone  
  13  0:08  Drone  
  14  0:18  Drone, Extractor  
  14  0:32  Spawning Pool  
  13  0:35  Drone  
  14  0:43  Overlord  
  14  0:52  Drone, Extractor  
  15  1:01  Drone x2  
  17  1:18  Metabolic Boost  
  17  1:21  Zergling x4  
  19  1:31  Zergling x2  
  20  1:40  Zergling x2  
  21  1:53  Zergling x2  
  22  1:56  Hatchery  
  21  2:02  Zergling x2  
  22  2:13  Overlord  
  22  2:18  Extractor  
  21  2:23  Zergling x2  
  23  2:31  Queen  
  24  2:39  Zergling x2  
  25  2:51  Zergling x2  
  25  2:55  Zergling x2  
  23  3:07  Zergling x2  
  23  3:10  Queen  
  23  3:11  Zergling x2  
  25  3:17  Zergling x2  
  25  3:18  Queen  
  25  3:19  Overlord  
  28  3:27  Zergling x2  
  28  3:31  Zergling x2  
  30  3:41  Zergling x2  
  30  3:42  Zergling x4  
  30  3:45  Zergling x2  
  30  3:46  Zergling x2  
  33  3:52  Zergling x2  
  33  3:53  Zergling x2  
  34  4:03  Zergling x4  
  35  4:11  Zergling x2  
  35  4:12  Zergling x6  
  37  4:17  Zergling x2  
  37  4:18  Zergling x4  
  37  4:22  Drone  
  39  4:24  Drone  
  39  4:29  Drone  
  38  4:38  Drone x2  
  39  4:44  Roach Warren  
  38  4:46  Drone  
  38  4:48  Drone  
  38  4:54  Drone x3  
  38  4:57  Drone x2  
Show
View Real Time Build Order
Export as new Build Order

Afelay Protoss 

Build Orders: 1 Gate Expand 

Get SALT Encoding   

  12  0:03  Probe (Chrono Boost)  
  14  0:14  Probe (Chrono Boost)  
  14  0:18  Pylon  
  14  0:24  Probe (Chrono Boost)  
  15  0:36  Probe (Chrono Boost)  
  15  0:39  Gateway  
  16  0:45  Assimilator  
  16  0:47  Probe (Chrono Boost)  
  17  0:57  Probe (Chrono Boost)  
  18  1:08  Probe (Chrono Boost)  
  19  1:22  Nexus  
  19  1:24  Probe (Chrono Boost)  
  20  1:35  Cybernetics Core  
  20  1:44  Pylon  
  20  1:45  Probe (Chrono Boost)  
  21  1:53  Gateway  
  20  1:58  Pylon  
  20  2:03  Zealot (Chrono Boost)  
  22  2:16  Mothership Core  
  24  2:27  Adept (Chrono Boost)  
  26  2:37  Probe  
  26  2:42  Probe  
  28  2:46  Pylon  
  28  2:49  Probe  
  27  2:53  Probe  
  27  2:57  Adept (Chrono Boost)  
  27  3:08  Probe x2 (Chrono Boost)  
  28  3:19  Probe (Chrono Boost)  
  30  3:20  Probe (Chrono Boost)  
  30  3:22  Adept  
  32  3:30  Probe x2 (Chrono Boost)  
  34  3:40  Probe (Chrono Boost)  
  34  3:41  Adept  
  37  3:46  Probe (Chrono Boost)  
  38  3:49  Adept  
  38  3:51  Probe (Chrono Boost)  
  41  3:57  Probe (Chrono Boost)  
  41  4:02  Probe (Chrono Boost)  
  43  4:07  Probe (Chrono Boost)  
  43  4:12  Probe (Chrono Boost)  
  40  4:18  Probe (Chrono Boost)  
  40  4:23  Probe (Chrono Boost)  
  38  4:28  Probe (Chrono Boost)  
  36  4:33  Probe (Chrono Boost)  
  35  4:39  Probe (Chrono Boost)  
  35  4:44  Probe (Chrono Boost)  
  37  4:49  Probe (Chrono Boost), Assimilator  
  38  4:54  Probe (Chrono Boost)  
  41  5:00  Probe (Chrono Boost)  
Tags
 
Add a new tag
Caveats
  • Supply blocks, unpowered buildings, or Contaminate may cause inaccurate times.
  • Supply counts are checked every 10 seconds.